 Dungeon Crawl Stone Soup version 0.25-a0-1104-g1bb6b8da34 (webtiles) character file.

Game seed: 13569415974062997473, levelgen mode: deterministic

8 Morbidden the Sneak (level 2, -3/15 HPs)
             Began as a Vine Stalker Assassin on May 16, 2020.
             Slain by a gnoll
             ... wielding a +0 spear
              (8 damage)
             ... on level 1 of the Dungeon.
             The game lasted 00:01:25 (329 turns).

Morbidden the Sneak (Vine Stalker Assassin)          Turns: 329, Time: 00:01:26

Health: -3/15      AC:  4    Str: 13    XL:     2   Next: 8%
Magic:  0/3        EV: 11    Int: 11    God:
Gold:   0          SH:  3    Dex: 15    Spells: 1/1 levels left

rFire    . . .     SeeInvis .   a - +2 dagger
rCold    . . .     Gourm    .   i - +0 buckler
rNeg     . . .     Faith    .   b - +0 robe
rPois    .         Spirit   +   (no helmet)
rElec    .         Reflect  .   c - +0 cloak
rCorr    .         Harm     .   (no gloves)
MR       .....                  h - +0 pair of boots
Stlth    +++.......             (no amulet)
HPRegen  0.05/turn              (no ring)
MPRegen  0.08/turn              (no ring)

@: no status effects
A: fangs 2, magic shield, antimagic bite, no potion heal 3, rot immunity
a: no special abilities


You were on level 1 of the Dungeon.
You were not hungry.

You visited 1 branch of the dungeon, and saw 1 of its levels.

Inventory:

Hand Weapons
 a - a +2 dagger (weapon)
Missiles
 d - 5 poisoned darts (quivered)
Armour
 b - a +0 robe (worn)
 c - a +0 cloak (worn)
 h - a +0 pair of boots (worn)
 i - a +0 buckler (worn)
 j - a +0 helmet
Comestibles
 f - 3 rations
 g - 2 chunks of flesh


   Skills:
 + Level 2.0 Fighting
 + Level 1.7 Short Blades
 + Level 1.7 Throwing
 + Level 1.0 Dodging
 + Level 5.2 Stealth


You had one spell level left.
You didn't know any spells.
Your spell library was empty.

Dungeon Overview and Level Annotations

Branches:
Dungeon (1/15)

Altars:


Innate Abilities, Weirdness & Mutations

You have extremely sharp teeth.
When hurt, damage is shared between your health and your magic reserves.
Your bite disrupts and absorbs the magic of your enemies.
Potions cannot restore your health.
You are immune to rotting.


Message History

Press: ? - help, Shift-Dir - straight line You throw a curare-tipped dart.
The curare-tipped dart hits the jackal.
The jackal is poisoned.
The jackal convulses.
You kill the jackal!
Unknown command.
e - 2 curare-tipped darts Throwing (i - inventory. (/) - cycle)
e - 2 curare-tipped darts (quivered)
Press: ? - help, Shift-Dir - straight line, f - gnoll
Aim: a gnoll, wielding a +0 spear You throw a curare-tipped dart.
The curare-tipped dart completely misses the gnoll.
You see here a +0 dagger.
Throwing (i - inventory. (/) - cycle)
e - a curare-tipped dart (quivered)
Press: ? - help, Shift-Dir - straight line, f/p - gnoll
Aim: a gnoll, wielding a +0 spear You throw a curare-tipped dart.
The curare-tipped dart barely misses the gnoll.
The gnoll hits you from afar with a +0 spear!
Ouch! That really hurt!
You die...

#########...# #.#
#########...# #.#
............# #.#
.......##...# #.#
.#####.##...# ####.#######
... #.##(#.####...........
....##.##.#......#.........
#.####.##.##.#####.........
#.####.##(....g.@..........
#.#....######.####.........
#.#....# #.## #.........
#......# #..# ##........
#......# ##.# #..#####.
#....### #.# #..# #....#
#.. #..# #....# ##.# #..#
#....### .. #..#


You could see a gnoll.

Vanquished Creatures
  A bat (D:1)
  A goblin (D:1)
  2 jackals (D:1)
  A frilled lizard (D:1)
  3 rats (D:1)
8 creatures vanquished.

Notes
Turn   | Place    | Note
-------+----------+-------------------------------------------
     0 | D:1      | Morbidden the Vine Stalker Assassin began the quest for the
                  | Orb.
     0 | D:1      | Reached XP level 1. HP: 11/11 MP: 2/2
    58 | D:1      | Reached skill level 5 in Stealth
   308 | D:1      | Reached skill level 1 in Dodging
   308 | D:1      | Reached XP level 2. HP: 4/15 MP: 3/3
   329 | D:1      | Slain by a gnoll

Illustrated notes

Levels and vault maps discovered:
D:1:      minmay_arrival_glassed_features, layout_basic

Skill      XL: |  1 |
---------------+----+-----
Stealth        | 5 |  5.2
Fighting       | 2 |  2.0
Dodging        | 1 |  1.0
Short Blades   | |  1.7
Throwing       | |  1.7

Action                   || total
-------------------------++-------
Melee: Dagger            ||    14
       Bite              ||     2
Throw: Dart              ||    14
 Stab: Sleeping          ||     1
Armor: Robe              ||    13
Dodge: Dodged            ||    23
Block: Buckler           ||     3

Table legend:
 A = Non-vault XP
 B = Vault XP
 C = Vault XP percentage of total XP
 D = Non-vault monster count
 E = Vault monster count
 F = Vault count percentage of total count
                 A         B        C        D         E       F
            +---------+---------+-------+---------+---------+-------
      Total |      12 |       0 |   0.0 |       8 |       0 |   0.0
            +---------+---------+-------+---------+---------+-------
        D:1 |      12 |       0 |   0.0 |       8 |       0 |   0.0
            +---------+---------+-------+---------+---------+-------
